[Event "Schack-SM 2023: Sverigemastarklassen"]
[Site "Helsingborg Arena, Mellersta Stenbocksgatan 14, Helsingborg, Sweden"]
[Date "2023.07.09"]
[Round "9.2"]
[White "Olsson, William"]
[Black "Pantzar, Milton"]
[Result "1/2-1/2"]
[TimeControl "90 minutes for 40 moves + 30 minutes for the rest of the game + 30 seconds per move from move one."]
[WhiteTitle "FM"]
[BlackTitle "IM"]
[WhiteFideId "1741721"]
[BlackFideId "1721003"]
[WhiteElo "2383"]
[BlackElo "2442"]

1. c4 e6 2. Nf3 d5 3. g3 Nf6 4. Bg2 dxc4 5. Qa4+ Bd7 6. Qxc4 c5 7. Ne5 Qc8 8. O-O Nc6 9. Nxd7 Qxd7 10.
b3 Be7 11. Bb2 O-O 12. Rd1 Rac8 13. Nc3 Rfd8 14. Ne4 Nxe4 15. Bxe4 b6 16. Rac1 Bf8 17. Qa4 Nd4 18. Qxd7 Rxd7 19.
Kf1 Rcd8 20. e3 Nf5 21. Ke2 g6 22. g4 Ne7 23. a3 f5 24. Bf3 Nd5 25. h4 Bg7 26. Bxg7 Kxg7 27. d4 fxg4 28.
Bxg4 Kf7 29. Bf3 a5 30. Ke1 cxd4 31. Rxd4 Ne7 32. Rxd7 Rxd7 33. Ke2 Kf6 34. Rc4 h6 35. e4 g5 36.
hxg5+ hxg5 37. Ke3 Ng6 38. Be2 Ke5 39. Rc6 Rd6 40. Rxd6 Kxd6 41. Kd4 e5+ 42. Kc4 Ne7 43. Bg4 Ng8 44.
Kb5 Kc7 45. b4 axb4 46. axb4 Nf6 47. f3 Kb7 48. Kc4 Kc6 49. Bf5 Ne8 50. Bg4 Nd6+ 51. Kb3 Kc7 52. Kc3 Kd8 1/2-1/2

[ePGN "0.1;DGT LiveChess/2.2.5"]

[Event "Schack-SM 2023: Mastarklassen-elit"]
[Site "Helsingborg Arena, Mellersta Stenbocksgatan 14, Helsingborg, Sweden"]
[Date "2023.07.09"]
[Round "9.1"]
[White "Thorn, Eric"]
[Black "Wiedenkeller, Michael"]
[Result "1-0"]
[TimeControl "90 minutes for 40 moves + 30 minutes for the rest of games + 30 seconds per move from move one."]
[WhiteTitle "FM"]
[BlackTitle "IM"]
[WhiteElo "2379"]
[BlackElo "2445"]

1. d4 d5 2. c4 dxc4 3. Nf3 Nf6 4. e3 e6 5. Bxc4 c5 6. O-O a6 7. a4 Nc6 8. Qe2 cxd4 9. Rd1 Be7 10.
exd4 O-O 11. Nc3 Nd5 12. Bb3 Ncb4 13. Ne5 b6 14. Nxd5 exd5 15. Bd2 Bb7 16. Qg4 Qc8 17. Qf3 Qd8 18.
Rac1 a5 19. Qg3 Qd6 20. Bf4 Qe6 21. Re1 Bd6 22. Rc3 Rae8 23. Rce3 Rc8 24. h4 Nc2 25. Bxc2 Rxc2 26. Ng4 Bxf4 27.
Qxf4 Qc6 28. Rg3 Qc7 29. Nf6+ Kh8 30. Rxg7 Qxf4 31. Rxh7# 1-0

[Event "Schack-SM 2023: Junior-SM"]
[Site "Helsingborg Arena, Mellersta Stenbocksgatan 14, Helsingborg, Sweden"]
[Date "2023.07.09"]
[Round "9.4"]
[White "Falkevall, Axel"]
[Black "Dingertz, Erik"]
[Result "1/2-1/2"]
[TimeControl "90 minutes for 40 moves + 30 minutes for the rest of the game + 30 seconds per move from move one."]
[WhiteTitle "FM"]
[WhiteElo "2311"]
[BlackElo "2090"]

1. e4 e5 2. Nf3 Nc6 3. Bc4 Bc5 4. d3 Nf6 5. Nc3 O-O 6. O-O h6 7. Be3 Bxe3 8. fxe3 d6 9. a3 Re8 10. Nh4 Be6 11. Bxe6 Rxe6 12. Qf3 Ne7 13. Nd5 c6 14. Nxe7+ Qxe7 15. Nf5 Qf8 16.
Qh3 d5 17. exd5 cxd5 18. Rf3 Kh7 19. Raf1 Ne8 20. Kh1 a5 21. g4 e4 22. Rg3 g6 23. Nxh6 Qxh6 24. Rxf7+ Ng7 25.
Qxh6+ Kxh6 26. Rh3+ Kg5 27. Rxg7 Rb6 28. Rd7 Rxb2 29. Rxd5+ Kf6 30. Rc5 exd3 31. cxd3 b5 32. d4 b4 33.
e4 Rd8 34. g5+ Ke6 35. Re5+ Kf7 36. Rh7+ Kg8 37. Ree7 Rxd4 38. Rhg7+ Kh8 39. Rh7+ Kg8 40. Rhg7+ Kh8 41. Rh7+ 1/2-1/2

[Event "Schack-SM 2023: Mastarklassen"]
[Site "Helsingborg Arena, Mellersta Stenbocksgatan 14, Helsingborg, Sweden"]
[Date "2023.07.09"]
[Round "9.7"]
[White "Muntean, Victor"]
[Black "Persson, Lars 1971"]
[Result "1-0"]
[TimeControl "90 minutes for 40 moves + 30 minutes for the rest of games + 30 seconds per move from move one."]
[WhiteElo "2097"]
[BlackElo "1941"]

1. e4 c5 2. c3 e5 3. Nf3 Nc6 4. Bc4 Qb6 5. O-O Be7 6. Na3 Nf6 7. Re1 d6 8. d4 cxd4 9. cxd4 exd4 10.
e5 dxe5 11. Nxe5 O-O 12. Nxc6 Bxa3 13. Qxd4 Bc5 14. Ne7+ Kh8 15. Qf4 Re8 16. Be3 Rxe7 17. Bd4 Rxe1+ 18. Rxe1 Bxd4 19. Re8+ Nxe8 20.
Qxf7 Bxf2+ 21. Kh1 Be6 22. Qf8+ Bg8 23. Qxg8# 1-0

[Event "Schack-SM 2023: Sverigemastarklassen"]
[Site "Helsingborg Arena, Mellersta Stenbocksgatan 14, Helsingborg, Sweden"]
[Date "2023.07.09"]
[Round "9.3"]
[White "Johansson, Linus"]
[Black "Sivuk, Vitaly"]
[Result "0-1"]
[TimeControl "90 minutes for 40 moves + 30 minutes for the rest of the game + 30 seconds per move from move one."]
[WhiteTitle "IM"]
[BlackTitle "GM"]
[WhiteFideId "1711113"]
[BlackFideId "14116502"]
[WhiteElo "2466"]
[BlackElo "2432"]

1. d4 d5 2. c4 e6 3. Nc3 c6 4. e3 Nf6 5. Nf3 Nbd7 6. b3 Bb4 7. Bd2 Qe7 8. Bd3 e5 9. dxe5 Nxe5 10.
Nxe5 Qxe5 11. Rc1 d4 12. Ne2 Bxd2+ 13. Qxd2 dxe3 14. Qxe3 Qxe3 15. fxe3 Ng4 16. Kd2 Ke7 17. h3 Ne5 18.
Be4 a5 19. Nc3 Be6 20. Na4 f5 21. Bb1 g6 22. Ke2 Rhd8 23. Rhd1 Rxd1 24. Rxd1 Rc8 25. Nc3 Nd7 26. Kf3 Rf8 27.
h4 h6 28. Kg3 Ne5 29. Rf1 g5 30. hxg5 hxg5 31. Ne2 Ng4 32. Nd4 Nxe3 33. Rh1 f4+ 34. Kf3 g4+ 35. Kf2 g3+ 36. Kf3 Bg4+ 37.
Ke4 Nxg2 38. Ke5 Ne3 39. Bg6 g2 40. Rh7+ Kd8 41. Rxb7 g1=Q 42. Be4 Bd7 0-1

[Event "Schack-SM 2023: Mastarklassen-elit"]
[Site "Helsingborg Arena, Mellersta Stenbocksgatan 14, Helsingborg, Sweden"]
[Date "2023.07.09"]
[Round "9.2"]
[White "Lindberg, Bengt"]
[Black "Crevatin, Leo"]
[Result "1/2-1/2"]
[TimeControl "90 minutes for 40 moves + 30 minutes for the rest of games + 30 seconds per move from move one."]
[WhiteTitle "IM"]
[BlackTitle "FM"]
[WhiteElo "2353"]
[BlackElo "2265"]

1. e4 c6 2. d4 d5 3. e5 Bf5 4. Nf3 e6 5. a3 Nd7 6. Be2 h6 7. O-O Ne7 8. Nbd2 Qc7 9. Re1 g5 10.
Nf1 Bg6 11. Ne3 Nf5 12. Nxf5 Bxf5 13. Bd2 Be7 14. Bb4 g4 15. Nd2 Bxb4 16. axb4 h5 17. Nf1 a6 18. Ne3 Bg6 19. b3 Rd8 20.
Qd2 Nf8 21. c4 Nd7 22. cxd5 exd5 23. Bd3 Nf8 24. Rf1 Ne6 25. Bf5 Qe7 26. f4 O-O 27. Qd3 Ng7 28. Bxg6 fxg6 29. Qxg6 Qxb4 30. Qd3 c5 31. Nc2 c4 32. bxc4 Qxc4 33. Qd2 Nf5 34. Rad1 Qb3 35. Rb1 Qa2 36.
Ra1 Qc4 37. Rfd1 Rc8 38. Ne3 Nxe3 39. Qxe3 Qc3 40. Qf2 Qc2 41. Qh4 Qf5 42. Rf1 Rc4 43. Rad1 Rc2 44. Rde1 Rc6 45. e6 Rxe6 46.
Rxe6 Qxe6 47. Qg5+ Kh8 48. Qxh5+ Kg8 49. Qg5+ Kh8 50. f5 Qe4 51. Qh6+ Kg8 52. Kh1 Qxd4 53. f6 Rf7 54. h3 gxh3 55.
Rf3 hxg2+ 56. Kxg2 Qe4 57. Kf2 Qd4+ 58. Kg2 Qe4 59. Kf2 Qd4+ 1/2-1/2

[Event "Schack-SM 2023: Junior-SM"]
[Site "Helsingborg Arena, Mellersta Stenbocksgatan 14, Helsingborg, Sweden"]
[Date "2023.07.09"]
[Round "9.5"]
[White "Persson, Sebastian 2007"]
[Black "Lindholm, Gustav"]
[Result "1/2-1/2"]
[TimeControl "90 minutes for 40 moves + 30 minutes for the rest of the game + 30 seconds per move from move one."]
[WhiteElo "1947"]
[BlackElo "2155"]

1. d4 d5 2. Nf3 Nf6 3. c4 c6 4. cxd5 cxd5 5. Nc3 Nc6 6. Bf4 a6 7. e3 Bg4 8. Be2 e6 9. h3 Bxf3 10.
Bxf3 Bd6 11. Bxd6 Qxd6 12. O-O O-O 13. Rc1 Rfc8 14. Na4 Nd7 15. Nc5 b6 16. Nd3 Na5 17. b3 Nc6 18. Rc2 Na7 19.
Rxc8+ Rxc8 20. Qd2 Qb8 21. Rc1 Nb5 22. a4 Nd6 23. Nb4 Qb7 24. Rc2 a5 25. Nd3 Kf8 26. Qc1 Rxc2 27. Qxc2 Ke7 28.
Nf4 g6 29. h4 Qc8 30. Qxc8 Nxc8 31. Kf1 Nd6 32. Be2 Ne4 33. Ke1 Kd6 34. Bd3 Nc3 35. Kd2 Na2 36. Bb5 Nf6 37. f3 Nb4 38.
Nd3 Nxd3 39. Kxd3 Nh5 40. g4 Nf6 41. Ke2 Ng8 42. Kf2 f6 43. g5 e5 44. f4 exf4 45. exf4 Ke6 46. Bf1 fxg5 47.
fxg5 Ne7 48. Bh3+ Kd6 49. Ke3 Nc6 50. Bg4 Nb4 51. h5 Nc2+ 52. Kd3 Nb4+ 53. Kc3 Nc6 54. Kd3 Nd8 55. hxg6 1/2-1/2

[Event "Schack-SM 2023: Mastarklassen"]
[Site "Helsingborg Arena, Mellersta Stenbocksgatan 14, Helsingborg, Sweden"]
[Date "2023.07.09"]
[Round "9.8"]
[White "Carlstrom, Niklas"]
[Black "Soppela, Toni"]
[Result "1-0"]
[TimeControl "90 minutes for 40 moves + 30 minutes for the rest of games + 30 seconds per move from move one."]
[WhiteElo "2125"]
[BlackElo "2032"]

1. d4 Nf6 2. Nc3 c5 3. dxc5 Na6 4. e4 Nxc5 5. e5 Ng8 6. Nf3 g6 7. Be3 Ne6 8. Qd2 Bg7 9. Bc4 Qc7 10.
Bxe6 fxe6 11. Nb5 Qb8 12. Qc3 Kd8 13. O-O-O a6 14. Bb6+ 1-0

[Event "Schack-SM 2023: Sverigemastarklassen"]
[Site "Helsingborg Arena, Mellersta Stenbocksgatan 14, Helsingborg, Sweden"]
[Date "2023.07.09"]
[Round "9.4"]
[White "Hector, Jonny"]
[Black "Ernst, Thomas"]
[Result "0-1"]
[TimeControl "90 minutes for 40 moves + 30 minutes for the rest of the game + 30 seconds per move from move one."]
[WhiteTitle "GM"]
[BlackTitle "GM"]
[WhiteFideId "1700090"]
[BlackFideId "1700065"]
[WhiteElo "2481"]
[BlackElo "2288"]

1. e4 e5 2. Nf3 Nc6 3. d4 exd4 4. Nxd4 Nf6 5. Nxc6 bxc6 6. e5 Qe7 7. Qe2 Nd5 8. h4 d6 9. c4 Nb6 10.
exd6 Qxe2+ 11. Bxe2 cxd6 12. Be3 Be6 13. Nd2 Be7 14. Rc1 O-O 15. h5 Bf6 16. b3 d5 17. cxd5 Nxd5 18. Bc5 Rfd8 19.
Ne4 Be5 20. g3 Bf5 21. Rh4 a5 22. Kf1 h6 23. Bf3 Kh8 24. Kg2 Nb4 25. Be3 Bb2 26. Rb1 Be5 27. a3 Nc2 28. Bb6 Rdb8 29.
Bc5 a4 30. b4 Nxa3 31. Rc1 Nb5 32. Nd2 Bb2 33. Rg1 Ra6 34. Nc4 a3 35. Rhh1 Bc3 36. Na5 Rc8 37. Be2 a2 38. f3 Bd7 39.
Bc4 Be6 40. Bxe6 fxe6 41. Ra1 Bxa1 42. Rxa1 Nc3 43. Bd4 Nd5 44. Bc5 Rb8 45. Rxa2 Nxb4 46. Ra4 Nd5 47. Bf2 Rb5 48. Be1 c5 49.
Kh3 Nb4 0-1

[Event "Schack-SM 2023: Mastarklassen-elit"]
[Site "Helsingborg Arena, Mellersta Stenbocksgatan 14, Helsingborg, Sweden"]
[Date "2023.07.09"]
[Round "9.3"]
[White "Lind, Jan-Olov"]
[Black "Lokander, Martin"]
[Result "0-1"]
[TimeControl "90 minutes for 40 moves + 30 minutes for the rest of games + 30 seconds per move from move one."]
[BlackTitle "IM"]
[WhiteElo "2191"]
[BlackElo "2444"]

1. e4 Nf6 2. d3 e5 3. Nf3 Nc6 4. Be2 d5 5. Nbd2 g5 6. exd5 Nxd5 7. Nc4 Nf4 8. Bf1 Qe7 9. Nfd2 b5 10.
Ne3 Bb7 11. h4 gxh4 12. Nf5 Qe6 13. Nxh4 O-O-O 14. g3 Nd4 15. Rh2 e4 16. Nxe4 Bxe4 17. Be3 Nxc2+ 18. Qxc2 Bb4+ 19. Kd1 Nxd3 0-1

[Event "Schack-SM 2023: Sverigemastarklassen"]
[Site "Helsingborg Arena, Mellersta Stenbocksgatan 14, Helsingborg, Sweden"]
[Date "2023.07.09"]
[Round "9.5"]
[White "Kucuksari, Kaan"]
[Black "Blomqvist, Erik"]
[Result "1/2-1/2"]
[TimeControl "90 minutes for 40 moves + 30 minutes for the rest of the game + 30 seconds per move from move one."]
[WhiteTitle "IM"]
[BlackTitle "GM"]
[WhiteFideId "6380166"]
[BlackFideId "1709437"]
[WhiteElo "2512"]
[BlackElo "2500"]

1. d4 d5 2. c4 c6 3. Nf3 Nf6 4. Qc2 dxc4 5. e4 b5 6. b3 cxb3 7. axb3 e6 8. Bd3 a5 9. Nc3 Na6 10.
Qe2 Bb4 11. Bd2 e5 12. Nxe5 Qxd4 13. Nxc6 Qxc3 14. Bxc3 Bxc3+ 15. Kd1 Bxa1 16. Kd2 Bb2 17. Bxb5 O-O 18. Ne7+ Kh8 19. Nxc8 Rfxc8 20. Bxa6 Nxe4+ 21. Qxe4 Rxa6 22. Qb7 Rd6+ 23. Ke3 Re8+ 24. Kf3 Rf6+ 25. Kg3 Rg6+ 26. Kf3 Rf6+ 27. Kg3 Rg6+ 28. Kf3 Rf6+ 1/2-1/2

[Event "Schack-SM 2023: Mastarklassen-elit"]
[Site "Helsingborg Arena, Mellersta Stenbocksgatan 14, Helsingborg, Sweden"]
[Date "2023.07.09"]
[Round "9.4"]
[White "Torngren, Gustav"]
[Black "Olund, Joar"]
[Result "1-0"]
[TimeControl "90 minutes for 40 moves + 30 minutes for the rest of games + 30 seconds per move from move one."]
[WhiteTitle "FM"]
[BlackTitle "FM"]
[WhiteElo "2297"]
[BlackElo "2399"]

1. c4 e5 2. g3 Nf6 3. Bg2 c6 4. Nf3 e4 5. Nd4 Qb6 6. Nb3 a5 7. d3 Bb4+ 8. Nc3 a4 9. Nd2 a3 10.
O-O e3 11. Nb3 exf2+ 12. Kh1 h5 13.
d4 h4 14. Rxf2 d5 15. Rxf6 gxf6 16. c5 Qa6 17. e4 hxg3 18. exd5 axb2 19. Bxb2 Bxc3 20. Bxc3 Rxh2+ 21. Kg1 Bh3 22. Bxh3 Qe2 23. Qxe2+ Rxe2 24. Na5 Re3 25. Bd2 Re2 26.
Be1 Kf8 27. d6 Rb2 28. Nc4 Raxa2 29. Rxa2 Rxa2 30. Bxg3 Ra4 31. Nb6 Ra1+ 32. Kf2 Ra2+ 33. Ke1 Ra1+ 34. Kd2 Ra2+ 35. Kc1 Ke8 36. d7+ Nxd7 37. Bxd7+ Kd8 38. Bc8 1-0

[ePGN "0.1;DGT LiveChess/2.2.5"]

[Event "Schack-SM 2023: Veteran-SM 50+"]
[Site "Helsingborg Arena, Mellersta Stenbocksgatan 14, Helsingborg, Sweden"]
[Date "2023.07.09"]
[Round "9.1"]
[White "Kirppo, Ronny"]
[Black "Wahlund, Max"]
[Result "1-0"]
[TimeControl "90 minutes for 40 moves + 30 minutes for the rest of games + 30 seconds per move from move one."]
[BlackTitle "CM"]
[WhiteElo "1886"]
[BlackElo "2002"]

1. d4 Nf6 2. c4 c5 3. d5 Ne4 4. f3 Qa5+ 5.
Nd2 Nd6 6. e4 g6 7. Bd3 Bg7 8. Ne2 b5 9. O-O Qb6 10. Rb1 bxc4 11. Nxc4 Nxc4 12. Bxc4 Ba6 13. Qc2 Bxc4 14. Qxc4 O-O 15. Be3 Qa6 16. Rfc1 d6 17. b4 Qa3 18. Rb3 Qxa2 19. bxc5 Nd7 20. c6 Nb6 21. Qd3 e6 22.
dxe6 fxe6 23. Nd4 Bxd4 24. Bxd4 Qa5 25. Bxb6 axb6 26. Qxd6 Rfe8 27. c7 b5 28. Rbc3 Rac8 29. Ra3 Rxc7 30.
Rxa5 1-0

[Event "Schack-SM 2023: Mastarklassen-elit"]
[Site "Helsingborg Arena, Mellersta Stenbocksgatan 14, Helsingborg, Sweden"]
[Date "2023.07.09"]
[Round "9.5"]
[White "Soderstrom, Adrian"]
[Black "Walinder, Lars"]
[Result "1-0"]
[TimeControl "90 minutes for 40 moves + 30 minutes for the rest of games + 30 seconds per move from move one."]
[WhiteTitle "FM"]
[BlackTitle "FM"]
[WhiteElo "2311"]
[BlackElo "2310"]

1. d4 Nf6 2. c4 e6 3. Nf3 d5 4. Nc3 Be7 5. Bg5 Nbd7 6. e3 h6 7. Bf4 dxc4 8. Bxc4 a6 9. a4 O-O 10.
g4 Nb6 11. Bd3 Nbd5 12. Bxh6 Nxg4 13. Bxg7 Kxg7 14. Rg1 f5 15. Ne5 Rg8 16. h3 Bb4 17. Kd2 Kf8 18. hxg4 f4 19. Qf3 Ke8 20.
g5 c5 21. Qh5+ Ke7 22. Qh7+ 1-0

[Event "Schack-SM 2023: Veteran-SM 50+"]
[Site "Helsingborg Arena, Mellersta Stenbocksgatan 14, Helsingborg, Sweden"]
[Date "2023.07.09"]
[Round "9.2"]
[White "Gamback, Bjorn"]
[Black "Karlsson, Ulf"]
[Result "1-0"]
[TimeControl "90 minutes for 40 moves + 30 minutes for the rest of games + 30 seconds per move from move one."]
[WhiteTitle "CM"]
[WhiteElo "2048"]
[BlackElo "1968"]

1. Nf3 c5 2. e4 Nc6 3. c3 d5 4. exd5 Qxd5 5. d4 Bg4 6. Be2 cxd4 7. cxd4 e6 8. h3 Bh5 9. Nc3 Qd6 10.
Nb5 Qd8 11. d5 Bb4+ 12. Bd2 exd5 13. Bxb4 Nxb4 14. a3 Nc6 15. Qxd5 Qxd5 16. Nc7+ Kf8 17. Nxd5 Nge7 18. Nf4 Bxf3 19.
Bxf3 g6 20. O-O-O Rc8 21. Kb1 Rc7 22. Nd5 Nxd5 23. Rxd5 Re7 24. Rc5 Nd4 25. Bd5 Kg7 26. Rc4 Nb5 27. Rb4 Nd6 28. Rd1 b6 29.
Bf3 Nb7 30. Rbd4 Rc8 31. b4 Rcc7 32. Kb2 f5 33. g4 Kf6 34. gxf5 gxf5 35. R1d2 Re6 36. Rd7 Re7 37. R7d5 Re5 38.
Rd7 Re7 39. R7d4 Re6 40. Kb3 Ke5 41. Rd5+ Kf6 42. R5d4 Ke5 43. Rd7 Re7 44. Re2+ 1-0

[Event "Schack-SM 2023: Veteran-SM 50+"]
[Site "Helsingborg Arena, Mellersta Stenbocksgatan 14, Helsingborg, Sweden"]
[Date "2023.07.09"]
[Round "9.3"]
[White "Ljung, Rickard"]
[Black "Nilsson, Patrik 1968"]
[Result "0-1"]
[TimeControl "90 minutes for 40 moves + 30 minutes for the rest of games + 30 seconds per move from move one."]
[WhiteElo "1939"]
[BlackElo "1931"]

1. d4 d6 2. Nf3 Nf6 3. c4 g6 4. Nc3 Bg7 5. Bg5 Nbd7 6. e4 c6 7. h3 e5 8. dxe5 dxe5 9. Qc2 O-O 10.
Rd1 Qc7 11. Be2 Re8 12. O-O Nf8 13. b4 Ne6 14. Be3 Bf8 15. Rb1 Nh5 16. c5 Nhf4 17. Bc4 Bg7 18. Rfd1 Rd8 19. Rxd8+ Qxd8 20.
Rd1 Qf6 21. Ne2 Nxh3+ 22. Kf1 Nhf4 23. Rd6 h6 24. Nxf4 exf4 25. e5 Qe7 26. Bd2 g5 27. Bc3 Nf8 28. Qd3 Be6 29. Bxe6 fxe6 30.
Nd2 Qf7 31. Ne4 Re8 32. f3 Re7 33. Rd8 Rd7 34. Rxd7 Qxd7 35. Nd6 Qc7 36. Kf2 a6 37. a4 Qe7 38. Qe4 Bh8 39. Bd4 Qg7 40.
b5 axb5 41. axb5 Qd7 42. Nxb7 Qxb7 43. Qxc6 Qxc6 44. bxc6 Ng6 45. c7 Ne7 46. g3 Kf7 47. c6 Kg6 48. g4 h5 49. gxh5+ Kxh5 50.
Ke2 g4 51. fxg4+ Kxg4 52. Kd3 Kf5 0-1

[Event "Schack-SM 2023: Veteran-SM 50+"]
[Site "Helsingborg Arena, Mellersta Stenbocksgatan 14, Helsingborg, Sweden"]
[Date "2023.07.09"]
[Round "9.4"]
[White "Eriksson, Bengt"]
[Black "Petersson, Kjell"]
[Result "1-0"]
[TimeControl "90 minutes for 40 moves + 30 minutes for the rest of games + 30 seconds per move from move one."]
[BlackTitle "CM"]
[WhiteElo "2016"]
[BlackElo "2061"]

1. d4 f5 2. Nc3 Nf6 3. Bg5 d5 4. Bxf6 exf6 5. e3 Be6 6. Bd3 Nc6 7. Nge2 Qd7 8. a3 Ne7 9. b4 Nc8 10.
O-O Nd6 11. f3 O-O-O 12. b5 g5 13. Qb1 Nc4 14. Bxc4 dxc4 15. a4 f4 16. e4 g4 17. a5 gxf3 18. Rxf3 Bd6 19. Na4 Bg4 20.
Rf2 Bxe2 21. Rxe2 f3 22. gxf3 Rhg8+ 23. Kh1 Rg5 24. Qf1 Bf4 25. Nc5 Qf7 26. Qh3+ f5 27. exf5 Qxf5 28. Qxf5+ Rxf5 29.
b6 cxb6 30. axb6 a6 31. Ne6 Re8 32. Nxf4 Rxe2 33. Nxe2 Rxf3 34. Ra4 Rf2 35. Rxc4+ Kd8 36. Ng3 1-0

[Event "Schack-SM 2023: Veteran-SM 50+"]
[Site "Helsingborg Arena, Mellersta Stenbocksgatan 14, Helsingborg, Sweden"]
[Date "2023.07.09"]
[Round "9.5"]
[White "Johansson, Ingemar 1966"]
[Black "Nurmi, Tommy"]
[Result "0-1"]
[TimeControl "90 minutes for 40 moves + 30 minutes for the rest of games + 30 seconds per move from move one."]
[WhiteElo "1839"]
[BlackElo "2010"]

1. c4 f5 2. Nf3 Nf6 3. g3 e6 4. Bg2 d5 5. O-O c6 6. d4 Bd6 7. c5 Bc7 8. Bg5 Nbd7 9. h4 e5 10.
h5 h6 11. Bh4 e4 12. Ne1 O-O 13. Bh3 Qe8 14. Bxf6 Nxf6 15. e3 Qxh5 16. Qxh5 Nxh5 17. Nc3 g5 18. Ne2 f4 19. Bxc8 Raxc8 20. exf4 gxf4 21. gxf4 Nxf4 22. Nxf4 Bxf4 23. Kg2 Rc7 24. Rh1 Rg7+ 25. Kf1 Bg3 0-1

[Event "Schack-SM 2023: Mastarklassen"]
[Site "Helsingborg Arena, Mellersta Stenbocksgatan 14, Helsingborg, Sweden"]
[Date "2023.07.09"]
[Round "9.1"]
[White "Sundin, Emanuel"]
[Black "Lundin, Jan"]
[Result "0-1"]
[TimeControl "90 minutes for 40 moves + 30 minutes for the rest of games + 30 seconds per move from move one."]
[BlackTitle "FM"]
[WhiteElo "2103"]
[BlackElo "2203"]

1. e4 e6 2. d4 d5 3. Nd2 Nc6 4. Ngf3 Nf6 5. e5 Nd7 6. Nb3 a5 7. a4 Be7 8. c3 b6 9. h4 h6 10.
Rh3 Ba6 11. Bxa6 Rxa6 12. h5 Ra7 13. Rg3 Bf8 14. Rg4 Ne7 15. Nh4 c5 16. Nd2 Nc6 17. Nb1 Rc7 18. Kf1 Qc8 19. Be3 Be7 20.
Nf3 Kf8 21. Kg1 cxd4 22. cxd4 Bb4 23. Nc3 Bxc3 24. bxc3 Ne7 25. Bd2 Nf5 26. Rf4 Rc4 27. g4 Ne7 28. Nh4 Ke8 29. Qf3 Rf8 30.
Ng2 g5 31. hxg6 Nxg6 32. Ne3 Ndxe5 33. Qd1 Nxf4 34. Nxc4 Nh3+ 35. Kg2 Qxc4 36. Kxh3 Nd3 37. Kg3 h5 38. f4 hxg4 39. Rb1 Rh8 40.
Qf1 f5 41. Rxb6 Kf7 42. Kg2 Rh3 43. Qb1 Nc5 44. Qe1 Qd3 0-1

[Event "Schack-SM 2023: Mastarklassen"]
[Site "Helsingborg Arena, Mellersta Stenbocksgatan 14, Helsingborg, Sweden"]
[Date "2023.07.09"]
[Round "9.2"]
[White "Cederstam, Carl"]
[Black "Nilsson, Patrik 1978"]
[Result "1-0"]
[TimeControl "90 minutes for 40 moves + 30 minutes for the rest of games + 30 seconds per move from move one."]
[WhiteTitle "FM"]
[WhiteElo "2196"]
[BlackElo "2167"]

1. c4 f5 2. g3 Nf6 3. Bg2 g6 4. Nf3 Bg7 5. O-O O-O 6. Nc3 d6 7. d4 Qe8 8. Re1 Qf7 9. e4 fxe4 10.
Nxe4 Nc6 11. Neg5 Qxc4 12. b3 Qb4 13. a3 Qb6 14. h3 d5 15. b4 a5 16. b5 Nd8 17. a4 h6 18. Ba3 Nd7 19.
Bxe7 hxg5 20. Nxg5 c6 21. bxc6 bxc6 22. Qc2 Rf5 23. Rab1 Qc7 24. Bxd8 Qxd8 25. Ne6 Qf6 26. g4 Rf4 27.
Nxf4 Qxf4 28. Qxc6 Rb8 29. Rxb8 Qxb8 30. Re8+ Nf8 31. Bxd5+ Kh7 32. Rxc8 Qf4 33. Rc7 Kh6 34. Qc1 1-0

[Event "Schack-SM 2023: Mastarklassen"]
[Site "Helsingborg Arena, Mellersta Stenbocksgatan 14, Helsingborg, Sweden"]
[Date "2023.07.09"]
[Round "9.3"]
[White "Mardell, Jimmy"]
[Black "Nygren, David"]
[Result "0-1"]
[TimeControl "90 minutes for 40 moves + 30 minutes for the rest of games + 30 seconds per move from move one."]
[WhiteElo "2160"]
[BlackElo "2157"]

1. d4 Nf6 2. c4 e6 3. Nc3 c5 4. d5 exd5 5. cxd5 d6 6. e4 g6 7. Nge2 Bg7 8. Ng3 O-O 9. Be2 a6 10. a4 h5 11. Bg5 Qc7 12. O-O Nh7 13.
Be3 Qe7 14. Qd2 Re8 15. Bd3 Nd7 16. f4 h4 17. Nh1 f5 18. Nf2 Ndf6 19. e5 dxe5 20. fxe5 Qxe5 21. Bxc5 Qc7 22. Be3 Bd7 23.
Be2 Bf8 24. Rac1 Bd6 25. Nd3 Bxh2+ 26. Kh1 Bg3 27. Bd4 Qd6 28. Bc5 Qb8 29. Qh6 Kf7 30. Nf4 Bxf4 31. Rxf4 Rh8 32. Rff1 h3 33. d6 b5 34. Bf3 Qc8 35.
Rfe1 hxg2+ 36. Kxg2 Re8 37. Bd5+ Be6 38. Rxe6 Rxe6 39. Re1 Nf8 40. Bxe6+ Nxe6 41. b4 Qc6+ 42. Kg1 bxa4 43. Rxe6 Kxe6 44.
Qe3+ Ne4 45. Ne2 Kf7 46. Qd3 Nxc5 47. Qc4+ Kf8 48. bxc5 Rc8 49. d7 Qxd7 50. Nd4 a3 51. c6 Qd6 52.
c7 a2 0-1

[ePGN "0.1;DGT LiveChess/2.2.5"]

[Event "Schack-SM 2023: Junior-SM"]
[Site "Helsingborg Arena, Mellersta Stenbocksgatan 14, Helsingborg, Sweden"]
[Date "2023.07.09"]
[Round "9.1"]
[White "Seo, Jung Hyun"]
[Black "Wernberg, Hugo"]
[Result "1-0"]
[TimeControl "90 minutes for 40 moves + 30 minutes for the rest of the game + 30 seconds per move from move one."]
[BlackTitle "FM"]
[WhiteElo "2124"]
[BlackElo "2217"]

1. e4 e5 2. Nf3 Nc6 3. d4 exd4 4. Nxd4 Nf6 5. Nxc6 bxc6 6. e5 Qe7 7. Qe2 Nd5 8. c4 Ba6 9. b3 g6 10.
Ba3 Nb4 11. Bb2 Bg7 12. a3 Nd5 13. Nd2 O-O 14. O-O-O Rfe8 15. Re1 Nb6 16. f4 d6 17. h4 dxe5 18. fxe5 Nd7 19. Nf3 c5 20.
Qc2 Bb7 21. Kb1 Qf8 22. Bd3 Bxf3 23. gxf3 Bxe5 24. Be4 Rad8 25. Bc1 Bh8 26. h5 Qg7 27. Qa2 Nb6 28. hxg6 fxg6 29. Re2 Re7 30.
Bg5 Na4 31. bxa4 Rxe4 32. fxe4 Rb8+ 33. Kc1 Qc3+ 34. Rc2 Qg3 35. Bh6 Qf3 36. Rd1 Rb3 37. Rd8+ 1-0

[Event "Schack-SM 2023: Mastarklassen"]
[Site "Helsingborg Arena, Mellersta Stenbocksgatan 14, Helsingborg, Sweden"]
[Date "2023.07.09"]
[Round "9.4"]
[White "Joensson, Jacob"]
[Black "Jogstad, Daniel"]
[Result "1/2-1/2"]
[TimeControl "90 minutes for 40 moves + 30 minutes for the rest of games + 30 seconds per move from move one."]
[BlackTitle "CM"]
[WhiteElo "2039"]
[BlackElo "2131"]

1. d4 d5 2. c4 c6 3. Nf3 Nf6 4. Nc3 e6 5. Bg5 Nbd7 6. e3 Qa5 7. cxd5 Nxd5 8. Rc1 Nxc3 9. bxc3 Ba3 10.
Rc2 b6 11. Bd3 Ba6 12. O-O Bxd3 13. Qxd3 O-O 14. Rb1 Rfe8 15. e4 e5 16. Bd2 Bf8 17. Qc4 Rac8 18. Qb3 Qa6 19. Ng5 Re7 20.
f4 c5 21. dxe5 h6 22. Nf3 c4 23. Qb5 Qxb5 24. Rxb5 Nc5 25. Be3 Nxe4 26. a4 Rd7 27. Bd4 Bc5 28. Kf1 g5 29. fxg5 Nxg5 30.
Nxg5 hxg5 31. Ke2 Bxd4 32. Rd2 a6 33. Rb1 Rcd8 34. Rxd4 Rxd4 35. cxd4 Rxd4 36. Rxb6 c3 37. Rxa6 c2 38.
Rc6 Rxa4 39. Rxc2 Re4+ 40. Kf3 1/2-1/2